 Dungeon Crawl Stone Soup version 0.19.0-11-g3fc08b3 (webtiles) character file.

3637 Exaltedone87 the Chopper (level 9, -3/63 HPs)
             Began as a Demonspawn Fighter on Nov 10, 2016.
             Was a Follower of Hepliaklqana.
             Slain by an orc knight
             ... wielding a +0 war axe
              (17 damage)
             ... in a bailey.
             The game lasted 00:22:03 (7097 turns).

Exaltedone87 the Chopper (Demonspawn Fighter)       Turns: 7097, Time: 00:22:04

Health: -3/63      AC: 14    Str: 25    XL:     9   Next: 87%
Magic:  9/9        EV:  9    Int:  9    God:    Hepliaklqana [*.....]
Gold:   466        SH: 11    Dex: 13    Spells: 0 memorised, 8 levels left

rFire  + . .     SeeInvis .     a - +3 war axe
rCold  . . .     Gourm    .     m - +1 chain mail
rNeg   . . .     Faith    .     c - +0 shield
rPois  +         Spirit   .     f - +0 helmet
rElec  .         Reflect  .     (no cloak)
rCorr  .         Harm     .     (no gloves)
MR     .....                    u - +1 pair of boots
Stlth  ..........               (no amulet)
                                q - ring of protection from fire
                                j - ring of poison resistance

@: mighty
A: reduced essence, talons 1, nightstalker 2, spiny 2
a: Recall Ancestor, Ancestor Identity, Renounce Religion


You were in a bailey.
You worshipped Hepliaklqana.
Hepliaklqana was aware of your devotion.
You were not hungry.

You visited 2 branches of the dungeon, and saw 9 of its levels.
You also visited: Bailey.

You collected 466 gold pieces.

Inventory:

Hand Weapons
 a - a +3 war axe (weapon)
 v - a +0 broad axe
Missiles
 A - 7 tomahawks of returning (quivered)
Armour
 b - a +0 scale mail
 c - a +0 shield (worn)
 f - a +0 helmet (worn)
 m - a +1 chain mail (worn)
 u - a +1 pair of boots (worn)
Jewellery
 i - a +2 ring of protection {unknown}
 j - a ring of poison resistance (left hand)
 q - a ring of protection from fire (right hand)
Wands
 n - a wand of lightning (7/15)
 o - a wand of acid (7/15)
 y - a wand of iceblast (4/15)
Scrolls
 g - 2 scrolls of teleportation
 h - a scroll of blinking
 k - 3 scrolls of remove curse
 l - 3 scrolls of identify
 x - 2 scrolls of amnesia
Potions
 d - a potion of curing
 p - a potion of cancellation
 s - a potion of flight
Books
 r - a book of Cantrips

   Spells                             Type                      Level
   a - Confusing Touch                Hexes                        1
   b - Animate Skeleton               Necromancy                   1
   c - Summon Small Mammal            Summoning                    1
   d - Apportation                    Translocation                1
Comestibles
 t - a royal jelly
 z - 2 meat rations


   Skills:
 + Level 6.7 Fighting
 * Level 7.9 Axes
 + Level 6.2 Armour
 + Level 4.5 Dodging
 - Level 0.2 Stealth
 + Level 5.6 Shields


You had 8 spell levels left.
You didn't know any spells.

Dungeon Overview and Level Annotations

Branches:
Dungeon (8/15)             Temple (1/1) D:5
   Lair: D:8-11

Altars:
Cheibriados
Dithmenos
Elyvilon
Fedhas
Gozag
Hepliaklqana
Kikubaaqudgha
Nemelex Xobeh
Ru
Sif Muna
Trog
Vehumet
Xom
Zin


Innate Abilities, Weirdness & Mutations

You have sharp toenails.
You are significantly more attuned to the shadows.
You are mostly covered in sharp spines.
Your life essence is reduced. (-10% HP)


Message History

The iceblast engulfs the orc knight.
The orc knight is moderately wounded.
The iceblast engulfs the orc warrior.
You kill the orc warrior!
The iceblast engulfs the gnoll.
The gnoll is almost dead.
Evoking this partially-identified wand wasted a few charges.
A goblin comes into view. It is wielding a hand axe.
You feel very mighty all of a sudden. You block the orc knight's attack.
You miss the orc knight.
The orc knight is moderately wounded.
You slash the gnoll!
You kill the gnoll!
You block the orc knight's attack.
You hit the orc knight.
The orc knight is moderately wounded.
You barely miss the orc. You block the orc's attack.
The orc knight hits you with a war axe!
You die... ... #####.##### ...#...#..$ ..K8g.o #goo# ##'## #goo#

#.@.# #)))#
#####'#####
^...≈.≈....
'###≈.≈###'
....≈.≈....
'###≈.≈###'
....≈.≈....
'###≈.≈###'


You could see an orc knight, 2 orc warriors, a gnoll, an orc, a hobgoblin, a
goblin and a kobold.

Vanquished Creatures
  A hornet (D:7)
  The ghost of Dustbunny the Sneak, an amateur SpAs (D:5)
  Eustachio (D:5)
  Duvessa (D:4)
  3 orc warriors
  An ice beast (D:6)
  A sky beast (D:8)
  4 ogres
  A phantom (D:7)
  The ghost of flyinglemur the Chopper, an amateur DrSk (D:3)
  3 centaurs
  2 big kobolds
  2 bullfrogs
  Dowan (D:4)
  2 scorpions
  A howler monkey (D:3)
  5 wights (D:7)
  A centaur zombie (D:8)
  A hound (D:6)
  A jelly (D:6)
  A bullfrog skeleton (D:7)
  An iguana (D:6)
  Natasha (thrice) (D:2)
  Terence (D:3)
  3 orc wizards
  2 worker ants
  A hound skeleton (D:8)
  Robin (D:3)
  2 gnolls (Bailey)
  8 adders
  4 shadow imps
  5 worms
  2 dart slugs
  3 leopard geckos
  18 orcs
  A ball python (D:2)
  8 giant cockroaches
  20 goblins
  13 hobgoblins
  6 jackals (D:2)
  21 kobolds
  5 quokkas
  14 bats
  4 frilled lizards
  6 rats
187 creatures vanquished.

Vanquished Creatures (collateral kills)
  A hungry ghost (D:8)
  An ice beast (D:7)
  3 wights (D:7)
  2 crimson imps (D:7)
  A jelly (D:8)
  An orc priest (D:7)
  A worker ant (D:7)
  An adder (D:5)
  An adder skeleton (D:7)
  11 kobolds (Bailey)
23 creatures vanquished.

Vanquished Creatures (others)
  A wizard (D:5)
  2 ancestors
3 creatures vanquished.

Grand Total: 213 creatures vanquished

Notes
Turn   | Place    | Note
-------+----------+-------------------------------------------
     0 | D:1      | Exaltedone87 the Demonspawn Fighter began the quest for the Orb.
     0 | D:1      | Reached XP level 1. HP: 18/18 MP: 1/1
   135 | D:1      | Gained mutation: You are partially covered in sharp spines. [demonic ancestry]
   135 | D:1      | Reached XP level 2. HP: 23/24 MP: 2/2
   533 | D:2      | Noticed Natasha
   545 | D:2      | Reached skill level 2 in Axes
   547 | D:2      | Killed Natasha
   547 | D:2      | Reached XP level 3. HP: 11/29 MP: 3/3
   565 | D:2      | Noticed Natasha
   576 | D:2      | Killed Natasha
   576 | D:2      | Gained mutation: You are slightly more attuned to the shadows. [demonic ancestry]
   576 | D:2      | Reached XP level 4. HP: 9/36 MP: 4/4
   778 | D:2      | Noticed Natasha
   790 | D:2      | Killed Natasha
  1029 | D:2      | Reached skill level 3 in Axes
  1235 | D:2      | Gained mutation: You are mostly covered in sharp spines. [demonic ancestry]
  1235 | D:2      | Reached XP level 5. HP: 34/42 MP: 5/5
  1910 | D:3      | Found a deep blue altar of Sif Muna.
  2172 | D:3      | Noticed flyinglemur's ghost (amateur DrSk)
  2190 | D:3      | Killed flyinglemur's ghost
  2190 | D:3      | Gained mutation: You are significantly more attuned to the shadows. [demonic ancestry]
  2190 | D:3      | Reached XP level 6. HP: 35/48 MP: 6/6
  2303 | D:3      | Found a sparkling altar of Nemelex Xobeh.
  2313 | D:3      | Found an ancient bone altar of Kikubaaqudgha.
  2336 | D:3      | Found a blossoming altar of Fedhas.
  2418 | D:3      | Noticed Terence
  2424 | D:3      | Killed Terence
  2424 | D:3      | Reached skill level 4 in Axes
  2424 | D:3      | Reached skill level 1 in Dodging
  2490 | D:3      | Noticed Robin
  2501 | D:3      | Killed Robin
  2795 | D:4      | Found a shadowy altar of Dithmenos.
  3281 | D:4      | Gained mutation: You have sharp toenails. [demonic ancestry]
  3281 | D:4      | Reached XP level 7. HP: 54/54 MP: 7/7
  3547 | D:4      | Noticed Dowan
  3548 | D:4      | Noticed Duvessa
  3565 | D:4      | Killed Duvessa
  3565 | D:4      | Reached skill level 5 in Axes
  3576 | D:4      | Killed Dowan
  3856 | D:5      | Entered Level 5 of the Dungeon
  3909 | D:5      | Noticed Dustbunny's ghost (amateur SpAs)
  3935 | D:5      | Killed Dustbunny's ghost
  3935 | D:5      | Reached XP level 8. HP: 56/61 MP: 8/8
  4264 | D:5      | Found a snail-covered altar of Cheibriados.
  4390 | D:5      | Noticed Eustachio
  4402 | D:5      | Killed Eustachio
  4403 | D:5      | Found a staircase to the Ecumenical Temple.
  4434 | Temple   | Entered the Ecumenical Temple
  4443 | Temple   | Became a worshipper of Hepliaklqana the Forgotten
  4662 | D:5      | Found a bloodstained altar of Trog.
  4665 | D:5      | Noticed a wizard
  4671 | D:5      | Killed a wizard
  4847 | D:6      | Reached skill level 5 in Fighting
  4952 | D:6      | Reached skill level 6 in Axes
  4972 | D:6      | Reached skill level 5 in Armour
  5085 | D:6      | Found an opulent altar of Gozag.
  5462 | D:6      | Reached skill level 5 in Shields
  5633 | D:6      | Found a bloodstained altar of Trog.
  5633 | D:6      | Found a glowing silver altar of Zin.
  5737 | D:7      | Reached XP level 9. HP: 52/61 MP: 9/9
  5764 | D:7      | Reached skill level 7 in Axes
  6181 | D:7      | Reached * piety under Hepliaklqana
  6980 | D:8      | Found a flagged portal.
  6988 | Bailey   | Entered a bailey
  7085 | Bailey   | Noticed an orc knight
  7097 | Bailey   | Slain by an orc knight

Skill      XL: |  1  2  3  4  5  6  7  8  9 |
---------------+----------------------------+-----
Shields        | 3 4 5 |  5.6
Axes           | 2 3 4 5 6 7 |  7.9
Armour         | 3 4 5 6 |  6.2
Fighting       | 4 5 6 |  6.7
Dodging        | 1 2 3 4 |  4.5
Stealth        | |  0.2

Action                   |  1- 3 |  4- 6 |  7- 9 || total
-------------------------+-------+-------+-------++-------
Melee: War axe           |    60 |   153 |   265 ||   478
Throw: Tomahawk          |       |       |    20 ||    20
Invok: Ancestor Identity |       |       |     1 ||     1
Evoke: Wand              |       |       |     1 ||     1
  Use: Scroll            |     2 |     4 |    12 ||    18
       Potion            |     1 |     1 |    12 ||    14
 Stab: Sleeping          |       |     2 |     3 ||     5
       Distracted        |       |       |     1 ||     1
  Eat: Bread ration      |       |     2 |     3 ||     5
       Beef jerky        |       |       |     1 ||     1
       Pizza             |       |       |     1 ||     1
Armor: Scale mail        |    38 |    51 |    54 ||   143
       Chain mail        |       |       |    54 ||    54
Dodge: Dodged            |    13 |    31 |    97 ||   141
Block: Shield            |    40 |    77 |   169 ||   286
